 Dungeon Crawl Stone Soup version 0.31.0-12-g77e489cdc1 (webtiles) character file.

Game seed: 1592571368676030986

1004 monsoonserge the Ruffian (level 8, -4/49 HPs)
             Began as an Octopode Shapeshifter on Feb 25, 2024.
             Was an Initiate of Gozag.
             Slain by Duvessa
             ... wielding a +0 short sword
              (12 damage)
             ... on level 4 of the Dungeon.
             The game lasted 00:11:34 (3467 turns).

monsoonserge the Ruffian (Octopode Shapeshifter)    Turns: 3467, Time: 00:11:35

Health: -4/49      AC:  1    Str: 15    XL:     8   Next: 20%
Magic:  8/8        EV: 18    Int: 13    God:    Gozag
Gold:   380        SH:  0    Dex: 11    Spells: 7/7 levels left

rFire   . .          .
                       - Unarmed
rCold   . . .        (no shield)
rNeg    . . .        (helmet currently unavailable)
rPois   .            (no amulet)
rElec   .            d - +5 ring of evasion
rCorr   .            e - ring of see invisible
SInv    +            (no ring)
Will    .....        (no ring)
Stlth   ++++         (no ring)
HPRegen 0.28/turn    (no ring)
MPRegen 0.11/turn    (no ring)
                     (no ring)

%: no passive effects
@: beast-form, gold aura
A: beast (slay +2), almost no armour, amphibious, 8 rings, camouflage 1,
gelatinous body 1, (nimble swimmer 1), tentacles
a: Begin Untransformation, Renounce Religion, Potion Petition, Call Merchant,
Bribe Branch


You were on level 4 of the Dungeon.
You worshipped Gozag.
Gozag was aware of your devotion.
You were a hulking beast.
You visited 2 branches of the dungeon, and saw 6 of its levels.
You also visited: Sewer.

You collected 459 gold pieces.
You paid 79 gold pieces to Gozag.

Inventory:

Missiles
 r - 6 poisoned darts (quivered)
Jewellery
 d - a +5 ring of evasion (left tentacle)
 e - a ring of see invisible (right tentacle)
Talismans
 b - a beast talisman
 c - a flux talisman
Wands
 o - a wand of iceblast (10)
Scrolls
 f - a scroll of blinking
 g - a scroll of enchant armour {unknown}
 h - a scroll of poison {unknown}
 j - 2 scrolls of revelation {unknown}
 m - 2 scrolls of immolation {unknown}
 n - a scroll of fear {unknown}
 p - a scroll of acquirement {unknown}
 q - a scroll of vulnerability {unknown}
 x - 2 scrolls of identify {unknown}
Potions
 a - a potion of lignification
 i - 3 potions of curing {unknown}
 k - a potion of degeneration {unknown}
 l - 3 potions of heal wounds {unknown}
 s - 5 potions of mutation {unknown}
 t - 2 potions of haste {unknown}
 u - a potion of experience {unknown}
 v - a potion of enlightenment {unknown}
 w - 2 potions of might {unknown}


   Skills:
 + Level 1.7 Fighting
 - Level 3.0 Dodging
 - Level 5.0 Stealth
 + Level 7.9 Unarmed Combat
 * Level 4.2 Shapeshifting


You had 7 spell levels left.
You didn't know any spells.
Your spell library contained the following spells:

 Spells                   Type           Power      Damage    Failure   Level
 Inner Flame              Hex/Fire       0%         N/A       67%         3
 Flame Wave               Conj/Fire      0%         2d4       97%         4
 Sticky Flame             Fire/Alch      0%         2d4       97%         4
 Summon Forest            Summ/Tloc      0%         N/A       100%        5
 Summon Mana Viper        Hex/Summ       0%         N/A       100%        5
 Summon Cactus Giant      Summ           0%         N/A       100%        6


Dungeon Overview and Level Annotations

Branches:
Dungeon (5/15)             Temple (1/1) D:4           Sewer (visited)

Altars:
Cheibriados
Dithmenos
Elyvilon
Fedhas
Gozag
Kikubaaqudgha
Nemelex Xobeh
Qazlal
Ru
Sif Muna
Trog
Uskayaw
Vehumet
Wu Jian
Xom
Yredelemnul
Zin

Portals:
Abyss: D:3

Annotations:
D:3 2 transporters, jimmypageman's ghost, amateur MiFi
D:4 Duvessa


Innate Abilities, Weirdness & Mutations

You are a hulking beast.
Your limbs bulge with bestial killing power. (Slay +2)
You cannot wear most types of armour.
You are amphibious.
You can wear up to eight rings at the same time.
Your skin changes colour to match your surroundings (Stealth+).
Your rubbery body absorbs attacks. (AC +1, EV +1)
((You are camouflaged when in or above water. (Stealth+)))
You have tentacles for arms and can constrict up to eight enemies at once.


Message History

You constrict Dowan. Dowan hits you with a +0 dagger.
Duvessa hits you with a +0 short sword.
You tentacle-slap Duvessa but do no damage.
Duvessa is lightly wounded.
You constrict Duvessa, but do no damage.
You constrict Dowan. You tentacle-slap Duvessa.
You squeeze Duvessa, but do no damage.
Duvessa is moderately wounded.
You constrict Duvessa. You constrict Dowan, but do no damage.
Dowan gestures at you while chanting. The puff of flame misses you.
Duvessa completely misses you.
You tentacle-slap Duvessa.
Duvessa is heavily wounded.
You constrict Duvessa, but do no damage.
You constrict Dowan. Dowan barely misses you. Duvessa closely misses you.
You tentacle-slap Duvessa but do no damage.
Duvessa is heavily wounded.
You constrict Duvessa, but do no damage.
You constrict Dowan. Dowan closely misses you.
Duvessa hits you with a +0 short sword!
You tentacle-slap Duvessa.
Duvessa is heavily wounded.
You constrict Duvessa. You constrict Dowan.
You kill Dowan!
Duvessa screams, "No!
How DARE you!"
Duvessa goes berserk!
Duvessa hits you with a +0 short sword!
Unknown command.
You tentacle-slap Duvessa but do no damage.
Duvessa is heavily wounded.
You constrict Duvessa. Duvessa hits you with a +0 short sword!
* * * LOW HITPOINT WARNING * * *
Unknown command.
Okay, then.
Okay, then.
You completely miss Duvessa.
Duvessa is heavily wounded.
You constrict Duvessa. Duvessa completely misses you.
Duvessa hits you with a +0 short sword!
You die...
Your body crumbles into a pile of gold.

###########
#..#.......##.#####
#..#..#.##........#
#.......##.......##
#.............##.##
#.##..............#
#)##.##.##.....).##
#.##.## ##......<#
#.##.##.##.......#
#...h$./##...(...#
####e#####.......#
#..# #.......# #.##
#.......# #.#
######### #<#
#..$..... #######.!


You could see Duvessa (berserk).

Vanquished Creatures
  Menkaure (D:4)
  Edmund (D:4)
  A phantom (D:4)
  A scorpion (D:5)
  Dowan (D:4)
  A hound (D:4)
  4 jellies (Sewer)
  2 bombardier beetles
  2 orc priests (D:4)
  2 orc wizards (D:4)
  An iguana (D:5)
  5 adders
  7 gnolls
  2 river rats (Sewer)
  A dart slug (D:1)
  3 orcs
  A bat (D:3)
  12 endoplasms
  4 giant cockroaches
  16 goblins
  8 hobgoblins
  10 jackals
  8 kobolds
  7 quokkas
  9 ball pythons
  9 frilled lizards
  9 rats
128 creatures vanquished.

Notes
Turn   | Place    | Note
-------+----------+-------------------------------------------
     0 | D:1      | monsoonserge the Octopode Shapeshifter began the quest for
                  | the Orb.
     0 | D:1      | Reached XP level 1. HP: 13/13 MP: 1/1
   143 | D:1      | Reached XP level 2. HP: 18/18 MP: 2/2
   234 | D:1      | Reached XP level 3. HP: 15/23 MP: 3/3
  1200 | D:2      | Reached skill level 1 in Stealth
  1200 | D:2      | Reached skill level 4 in Unarmed Combat
  1200 | D:2      | Reached XP level 4. HP: 28/28 MP: 4/4
  1476 | D:3      | Found a glowing drain.
  1489 | Sewer    | Entered a sewer
  1566 | Sewer    | Reached XP level 5. HP: 17/33 MP: 5/5
  1725 | Sewer    | Found a shimmering altar of Xom.
  1733 | Sewer    | Reached skill level 5 in Unarmed Combat
  1853 | Sewer    | Reached XP level 6. HP: 15/38 MP: 6/6
  2154 | D:3      | Found a snail-covered altar of Cheibriados.
  2238 | D:3      | Found a transporter.
  2255 | D:3      | Found a one-way gate to the infinite horrors of the Abyss.
  2255 | D:3      | Noticed an ancient zyme
  2255 | D:3      | Noticed jimmypageman's ghost (amateur MiFi)
  2275 | D:3      | Found a transporter.
  2424 | D:4      | Noticed Duvessa
  2424 | D:4      | Noticed Dowan
  2446 | D:4      | Noticed Menkaure
  2704 | D:4      | Found a staircase to the Ecumenical Temple.
  2715 | Temple   | Entered the Ecumenical Temple
  2733 | Temple   | Became a worshipper of Gozag Ym Sagoz the Greedy
  3068 | D:4      | Reached skill level 6 in Unarmed Combat
  3068 | D:4      | Reached XP level 7. HP: 22/43 MP: 7/7
  3167 | D:4      | Noticed Edmund
  3170 | D:5      | Entered Level 5 of the Dungeon
  3183 | D:5      | Reached skill level 7 in Unarmed Combat
  3395 | D:4      | Killed Menkaure
  3396 | D:4      | Reached XP level 8. HP: 48/48 MP: 8/8
  3422 | D:4      | Killed Edmund
  3423 | D:4      | Reached skill level 5 in Stealth
  3465 | D:4      | Killed Dowan
  3467 | D:4      | Slain by Duvessa

Illustrated notes

Levels and vault maps discovered:
D:1:      dpeg_arrival_tiny_a, layout_basic, chequers_serial_rivers_micro_d
D:2:      layout_basic
D:3:      layout_rooms, mainiacjoe_overflow_alcove_4,
          gammafunk_ghost_abyssal_escape, portal_sewer_entry_d
D:4:      layout_loops_cross, minmay_temple_entry_hall, uniq_crazy_yiuf_cottage,
          uniq_edmund, uniq_duvessa, uniq_menkaure
D:5:      layout_loops_ring, mainiacjoe_overflow_alcove_1,
          serial_library_hellmonk_angled_corner
Temple:   compressed_dpeg_triangle_lava_temple

Skill      XL: |  1  2  3  4  5  6  7  8 |
---------------+-------------------------+-----
Stealth        | 1 2 4 5 |  5.0
Unarmed Combat | 4 5 6 7 |  7.9
Dodging        | 3 |  3.0
Shapeshifting  | 4 |  4.2
Fighting       | |  1.7

Action                     |  1- 3 |  4- 6 |  7- 9 || total
---------------------------+-------+-------+-------++-------
  Melee: Unarmed           |    76 |   116 |    53 ||   245
         Constrict         |    22 |    21 |    19 ||    62
         Tentacles         |    14 |    20 |    16 ||    50
         Punch             |     2 |     2 |     5 ||     9
  Evoke: Wand              |       |     1 |     1 ||     2
   Stab: Sleeping          |     5 |    10 |     1 ||    16
         Distracted        |       |     1 |     1 ||     2
 Armour: Skin              |    14 |    27 |    15 ||    56
  Dodge: Dodged            |    57 |    80 |    28 ||   165
